 Dungeon Crawl Stone Soup version 0.21-a0-221-gfe971b9 (webtiles) character file.

639 tidbits the Insei (level 7, -5/51 HPs)
             Began as a Demigod Transmuter on Aug 26, 2017.
             Killed from afar by Dowan (13 damage)
             ... with a stone arrow
             ... on level 5 of the Dungeon.
             The game lasted 00:19:49 (2418 turns).

tidbits the Insei (Demigod Transmuter)              Turns: 2418, Time: 00:19:49

Health: -5/51      AC:  3    Str: 13    XL:     7   Next: 4%
Magic:  13/13      EV: 12    Int: 21    God:
Gold:   202        SH:  0    Dex: 16    Spells: 4/10 levels left

rFire    . . .     SeeInvis .   a - +4 long sword of the Lonely Cities {slice, Stlth+}
rCold    . . .     Gourm    .   (no shield)
rNeg     . . .     Faith    .   b - +1 robe
rPois    .         Spirit   .   (no helmet)
rElec    .         Reflect  .   (no cloak)
rCorr    .         Harm     .   (no gloves)
MR       .....     Rnd*Tele +   (no boots)
Stlth    ++........             (no amulet)
HPRegen  0.17/turn              D - ring of teleportation (curse)
MPRegen  0.13/turn              W - ring of wizardry

@: no status effects
A: high mp 1
a: no special abilities


You were on level 5 of the Dungeon.
You were hungry.

You visited 1 branch of the dungeon, and saw 6 of its levels.
You also visited: Sewer.

You collected 202 gold pieces.

Inventory:

Hand Weapons
 a - the +4 long sword of the Lonely Cities (weapon) {slice, Stlth+}
   (You found it on level 4 of the Dungeon)

   It inflicts extra damage upon your enemies.
   It makes you more stealthy.
 q - a +0 dagger
 t - a +1 blowgun
Missiles
 e - 64 arrows
 h - 9 tomahawks (quivered)
 u - 8 poisoned needles
Armour
 b - a +1 robe (worn)
Jewellery
 i - an uncursed ring of protection from cold
   (You found it on level 4 of the Dungeon)
 D - a cursed ring of teleportation (left hand)
   (You found it on level 4 of the Dungeon)
 W - a ring of wizardry (right hand)
   (You found it on level 5 of the Dungeon)
Wands
 f - a wand of flame (27/48)
Scrolls
 n - a scroll of fog
 o - a scroll of enchant armour
 r - a scroll of teleportation
 w - 3 scrolls of blinking
Potions
 g - 2 potions of might
 l - 4 potions of curing
 m - a potion of heal wounds {unknown}
 s - a potion of brilliance {unknown}
 v - a potion of magic {unknown}
 z - a potion of resistance {unknown}
 A - a potion of lignification {unknown}
 B - a potion of ambrosia
Books
 c - a book of Changes

   Spells                             Type                      Level
   a - Beastly Appendage              Transmutation                1
   b - Sticks to Snakes               Transmutation                2
   c - Spider Form                    Transmutation/Poison         3
   d - Ice Form                       Ice/Transmutation            4
   e - Blade Hands                    Transmutation                5
Comestibles
 d - a bread ration
 j - 2 meat rations


   Skills:
 - Level 0.8 Fighting
 - Level 1.7 Dodging
 + Level 6.5 Unarmed Combat
 - Level 2.0 Spellcasting
 + Level 4.2 Transmutations


You had 4 spell levels left.
You knew the following spells:

 Your Spells              Type           Power        Failure   Level  Hunger
e - Beastly Appendage     Tmut           ###...       1%          1    #......
k - Sticks to Snakes      Tmut           ###.....     1%          2    ##.....
p - Spider Form           Tmut/Pois      ##........   8%          3    ###....


Dungeon Overview and Level Annotations

Branches:
Dungeon (6/15)             Temple (0/1) D:4

Annotations:
D:5 Dowan


Innate Abilities, Weirdness & Mutations

You have an increased reservoir of magic. (+10% MP)


Message History

Dowan blinks!
Duvessa hits you with a rapier.
Your ball python barely misses Duvessa.
Your ball python grabs Duvessa.
Your ball python constricts Duvessa.
Your ball python bites Duvessa but does no damage.
You hit Duvessa but do no damage.
Duvessa is poisoned.
Your ball python bites Duvessa.
Your ball python constricts Duvessa.
Duvessa hits you with a rapier.
Your ball python bites Duvessa but does no damage.
You hit Duvessa.
Duvessa is lightly wounded.
Your ball python bites Duvessa but does no damage.
Your ball python constricts Duvessa.
Your ball python bites Duvessa but does no damage.
Duvessa misses you.
You hit Duvessa.
Duvessa looks even sicker.
Duvessa is moderately wounded.
Your ball python bites Duvessa but does no damage.
Your ball python constricts Duvessa.
Your ball python bites Duvessa but does no damage.
You bite Duvessa!
Duvessa looks as sick as possible!
Duvessa is severely wounded.
Duvessa hits you with a rapier!
Your ball python bites Duvessa.
Your ball python constricts Duvessa.
Your ball python bites Duvessa but does no damage.
You hit Duvessa.
Duvessa looks as sick as possible!
Duvessa is almost dead.
Dowan hits you with a dagger of speed.
Your ball python bites Duvessa but does no damage.
Your ball python constricts Duvessa.
Duvessa misses your ball python.
Your ball python bites Duvessa but does no damage.
Dowan casts a spell.
Dowan blinks!
You hit Duvessa.
Duvessa looks as sick as possible!
Duvessa is almost dead.
Your transformation is almost over.
Your ball python bites Duvessa but does no damage.
Your ball python constricts Duvessa.
Your ball python bites Duvessa but does no damage.
Duvessa misses you.
You hit Duvessa.
Duvessa looks as sick as possible!
Duvessa is almost dead.
Your ball python bites Duvessa but does no damage.
Your ball python constricts Duvessa.
Dowan casts a spell at you. The puff of frost hits you!
* * * LOW HITPOINT WARNING * * *
Your ball python bites Duvessa but does no damage.
Duvessa barely misses you.
Your ball python bites Duvessa but does no damage.
Your ball python constricts Duvessa.
You hit Duvessa.
You kill Duvessa!
Dowan's eyes darken. "You have made a black mistake."
Dowan seems to find hidden reserves of power!
You have reached level 7!
Casting: Spider Form
Confirm with . or Enter, or press ? or * to list all spells.
You create a snake!
You now have 64 arrows.
Dowan points at you and mumbles some strange words.
The stone arrow misses your ball python.
The stone arrow hits you!
* * * LOW HITPOINT WARNING * * *
It was a potion of ambrosia.
You are confused.
You feel invigorated.
Dowan hits your ball python with a dagger of speed.
Your ball python bites Dowan but does no damage.
Your ball python barely misses Dowan.
Dowan hits your ball python with a dagger of speed.
Your ball python dies!
Your ball python bites Dowan but does no damage.
Your ball python closely misses Dowan.
Your ball python misses Dowan. x2
Your ball python closely misses Dowan.
Your ball python barely misses Dowan.
Your ball python closely misses Dowan. x2; Dowan misses you.
Dowan casts a spell at you. The stone arrow hits you!
* * * LOW HITPOINT WARNING * * *
Your ball python bites Dowan but does no damage.
Your ball python grabs Dowan.
Your ball python constricts Dowan.
Your ball python bites Dowan.
You feel less invigorated.
You feel less confused.
Dowan says, "Magic will overcome all!"
Dowan completely misses you.
Your ball python bites Dowan but does no damage.
Your ball python constricts Dowan.
Your ball python bites Dowan.
Dowan hits you with a dagger of speed.
* * * LOW HITPOINT WARNING * * *
You feel better.
Your transformation has ended.
The +4 long sword of the Lonely Cities {slice, Stlth+} unmelds from your body.
Your +1 robe unmelds from your body.
Dowan casts a spell.
Dowan struggles to blink free from constriction.
Your ball python bites Dowan but does no damage.
Your ball python constricts Dowan.
Your ball python bites Dowan but does no damage.
Dowan points at you and mumbles some strange words.
The stone arrow hits you!
You die...

#.# #.# ...# #.# #.#
#.#..
#.#########.##....
###...............####
#...............###..#
#...>...(......##.....
#..................#
#.############.S..##
#. ##Se@.## #.
#..)...# ..
#..##...... ##
#...###..## #.....####
##e.)..... ##.######
e# .#


You could see Dowan and 2 friendly ball pythons.

Vanquished Creatures
  Duvessa (D:5)
  An ice beast (D:5)
  A phantom (D:5)
  An ogre (D:4)
  2 orc wizards (D:3)
  A bullfrog skeleton (D:5)
  A hound skeleton (D:4)
  4 gnolls (D:4)
  5 adders
  An ooze (D:2)
  A worm (D:4)
  A dart slug (D:2)
  A leopard gecko (D:3)
  13 orcs
  2 giant cockroaches
  A hobgoblin (D:2)
  8 jackals (Sewer)
  4 ball pythons
  4 frilled lizards (Sewer)
  4 goblins
  7 kobolds
  4 rats
  5 plants (Sewer)
73 creatures vanquished.

Vanquished Creatures (collateral kills)
  4 adders
  An adder skeleton (D:4)
  A worm (D:3)
  A quokka (D:2)
7 creatures vanquished.

Vanquished Creatures (others)
  An orc (D:3)
1 creature vanquished.

Grand Total: 81 creatures vanquished

Notes
Turn   | Place    | Note
-------+----------+-------------------------------------------
     0 | D:1      | tidbits the Demigod Transmuter began the quest for the Orb.
     0 | D:1      | Reached XP level 1. HP: 15/15 MP: 5/5
   139 | D:2      | Found a radiant altar of Vehumet.
   195 | D:2      | Reached skill level 2 in Spellcasting
   294 | D:2      | Reached skill level 2 in Transmutations
   300 | D:2      | Reached XP level 2. HP: 14/22 MP: 4/7
   304 | D:2      | Learned a level 2 spell: Sticks to Snakes
   419 | D:2      | Reached skill level 3 in Transmutations
   441 | D:2      | Reached XP level 3. HP: 19/27 MP: 6/8
   471 | D:3      | Learned a level 3 spell: Spider Form
   638 | D:3      | Reached skill level 3 in Unarmed Combat
   655 | D:3      | Found a glowing drain.
   714 | Sewer    | Entered a sewer
  1009 | Sewer    | Reached XP level 4. HP: 23/34 MP: 4/9
  1133 | Sewer    | Reached skill level 4 in Unarmed Combat
  1404 | D:3      | Reached XP level 5. HP: 15/39 MP: 1/10
  1704 | D:4      | Found a staircase to the Ecumenical Temple.
  1724 | D:4      | Got a translucent long sword
  1725 | D:4      | Identified the +4 long sword of the Lonely Cities {slice, Stlth+} (You found it on level 4 of the Dungeon)
  1759 | D:4      | Reached skill level 5 in Unarmed Combat
  1900 | D:4      | Noticed an ogre
  1909 | D:4      | Killed an ogre
  1945 | D:4      | Reached XP level 6. HP: 33/46 MP: 8/11
  2030 | D:5      | Entered Level 5 of the Dungeon
  2127 | D:5      | Reached skill level 6 in Unarmed Combat
  2174 | D:5      | Reached skill level 4 in Transmutations
  2394 | D:5      | Noticed Duvessa
  2397 | D:5      | Noticed Dowan
  2412 | D:5      | Killed Duvessa
  2412 | D:5      | Reached XP level 7. HP: 22/51 MP: 5/13
  2413 | D:5      | HP: 5/51 [Dowan/stone arrow (17)]
  2416 | D:5      | HP: 2/51 [Dowan/stone arrow (14)]
  2418 | D:5      | Killed from afar by Dowan

Vault maps used:
D:1:      mrwooster_arrival_statue, minmay_misc_feat_five,
          grunt_decor_one_mirror
D:2:      fiery_altar_vehumet, first_bread
D:3:      cheibrodos_sewer_entry_sluice
D:4:      makhleb_heckhound_becter, minmay_temple_entry_large_hall,
          lemuel_flame_loot_1
D:5:      minitemple, minmay_misc_feat_iff, uniq_blork_the_orc, uniq_ijyb,
          uniq_duvessa
D:6:      roderic_st_hans_cross, minmay_misc_feat_x, hangedman_decor_riveting,
          nicolae_dithmenos_shadow_blocks
Sewer:    sewer_co_scattered_pipes

Skill      XL: |  1  2  3  4  5  6 |
---------------+-------------------+-----
Spellcasting   | 2 |  2.0
Transmutations | 2 3 4 |  4.2
Unarmed Combat | 3 4 5 6 |  6.5
Fighting       | |  0.8
Dodging        | |  1.7

Action                   |  1- 3 |  4- 6 |  7- 9 || total
-------------------------+-------+-------+-------++-------
Melee: Mace              |   116 |    24 |       ||   140
       Headbutt          |     2 |       |       ||     2
       Unarmed           |    66 |   122 |       ||   188
       Punch             |     3 |     1 |       ||     4
       Kick              |       |     1 |       ||     1
       Long sword        |       |    13 |       ||    13
Throw: Tomahawk          |     7 |     3 |       ||    10
 Cast: Beastly Appendage |     6 |     1 |       ||     7
       Sticks to Snakes  |     7 |     7 |     1 ||    15
       Spider Form       |     9 |    21 |       ||    30
  Use: Scroll            |     1 |    11 |       ||    12
       Potion            |       |       |     2 ||     2
 Stab: Distracted        |     2 |       |       ||     2
       Sleeping          |     1 |     3 |       ||     4
  Eat: Chunk             |     2 |     6 |       ||     8
       Fruit             |     1 |     3 |       ||     4
Armor: Robe              |     5 |     8 |       ||    13
       Skin              |     8 |     2 |       ||    10
Dodge: Dodged            |    50 |    77 |     2 ||   129
       Rpst.: Long sword |       |     2 |       ||     2

Table legend:
 A = Spawn XP
 B = Non-spawn XP
 C = Spawn XP percentage of total XP
 D = Spawn monster count
 E = Non-spawn monster count
 F = Spawn count percentage of total count
 G = Total turns spent on level
                    A         B        C        D         E        F      G
               +---------+---------+-------+---------+---------+-------+---------
         Total |       9 |     904 |   1.0 |       3 |      72 |   4.0 |  2418
               +---------+---------+-------+---------+---------+-------+---------
           D:2 |       9 |      40 |  18.4 |       3 |      10 |  23.1 |   446
           D:3 |       0 |     133 |   0.0 |       0 |      22 |   0.0 |   497
           D:4 |       0 |     190 |   0.0 |       0 |       9 |   0.0 |   352
           D:5 |       0 |     446 |   0.0 |       0 |       6 |   0.0 |   244
         Sewer |       0 |      95 |   0.0 |       0 |      25 |   0.0 |   603
               +---------+---------+-------+---------+---------+-------+---------

Table legend:
 A = Turns spent in this place as a percentage of turns spent in the entire game.
 B = Non-inter-level travel turns spent in this place as a percentage of non-inter-level travel turns spent in the entire game.
 C = Inter-level travel turns spent in this place as a percentage of turns spent in this place.
 D = Turns resting spent in this place as a percentage of non-inter-level travel turns spent in this place.
 E = Turns spent auto-exploring this place as a percentage of non-inter-level travel turns spent in this place.
 F = Non-inter-level travel turns spent in this place divided by the number of levels of this place that you've seen.
                   A       B       C       D       E      F
               +-------+-------+-------+-------+-------+----------------------
         Total | 100.0 | 100.0 |   1.0 |   0.0 |   0.0 | 342.1
       Dungeon |  75.1 |  74.8 |   1.3 |   0.0 |   0.0 | 298.7
         Sewer |  24.9 |  25.2 |   0.0 |   0.0 |   0.0 | 603.0
               +-------+-------+-------+-------+-------+----------------------

Table legend:
 A = Kills in this place as a percentage of kills in entire the game.
 B = Kills by you in this place as a percentage of kills by you in the entire game.
 C = Kills by friends in this place as a percentage of kills by friends in the entire game.
 D = Other kills in this place as a percentage of other kills in the entire game.
 E = Experience gained in this place as a percentage of experience gained in the entire game.
 F = Experience gained in this place divided by the number of levels of this place that you have seen.
                   A       B       C       D       E      F
               +-------+-------+-------+-------+-------+----------------------
         Total | 100.0 | 100.0 | 100.0 |   N/A | 100.0 | 130.4
       Dungeon |  66.7 |  64.7 |  85.7 |   N/A |  89.6 | 136.3
         Sewer |  33.3 |  35.3 |  14.3 |   N/A |  10.4 |  95.0
               +-------+-------+-------+-------+-------+----------------------

Vault maps used:
D:1:      mrwooster_arrival_statue, minmay_misc_feat_five,
          grunt_decor_one_mirror
D:2:      fiery_altar_vehumet, first_bread
D:3:      cheibrodos_sewer_entry_sluice
D:4:      makhleb_heckhound_becter, minmay_temple_entry_large_hall,
          lemuel_flame_loot_1
D:5:      minitemple, minmay_misc_feat_iff, uniq_blork_the_orc, uniq_ijyb,
          uniq_duvessa
D:6:      roderic_st_hans_cross, minmay_misc_feat_x, hangedman_decor_riveting,
          nicolae_dithmenos_shadow_blocks
Sewer:    sewer_co_scattered_pipes
